 Dungeon Crawl Stone Soup version 0.20.1-1-g8b1a95d (webtiles) character file.

25 Orenix the Grave Robber (level 2, -1/15 HPs)
             Began as a Deep Elf Necromancer on Aug 25, 2017.
             Slain by a scorpion (9 damage)
             ... on level 4 of the Dungeon.
             The game lasted 00:15:40 (2091 turns).

Orenix the Grave Robber (Deep Elf Necromancer)      Turns: 2091, Time: 00:15:41

Health: -1/15      AC:  2    Str:  5    XL:     2   Next: 86%
Magic:  4/8        EV: 13    Int: 22    God:
Gold:   53         SH:  0    Dex: 15    Spells: 6/8 levels left

rFire    . . .     SeeInvis .   g - +1 dagger (venom)
rCold    . . .     Gourm    .   (no shield)
rNeg     . . .     Faith    .   a - +0 robe
rPois    .         Spirit   .   (no helmet)
rElec    .         Reflect  .   (no cloak)
rCorr    .         Harm     .   (no gloves)
MR       .....     Rnd*Tele +   (no boots)
Stlth    ++........             o - amulet of rage
Regen    0.1/turn               s - ring of teleportation (curse) {test}
MPRegen  0.2/turn               y - +3 ring of intelligence

@: lethally poisoned (-1 -> -16)
A: no striking features
a: Evoke Berserk Rage


You were on level 4 of the Dungeon.
You were not hungry.

You visited 1 branch of the dungeon, and saw 4 of its levels.

You collected 53 gold pieces.

Inventory:

Hand Weapons
 g - a +1 dagger of venom (weapon)
 i - a +0 club
 k - a +0 dagger
 q - a +3 dagger
 r - a +0 spear
 t - a +0 dagger
Missiles
 j - 24 sling bullets
 l - 4 stones (quivered)
Armour
 a - a +0 robe (worn)
 h - a +0 chain mail
Jewellery
 o - an amulet of rage (around neck)
 s - a cursed ring of teleportation (left hand) {test}
 y - a +3 ring of intelligence (right hand)
Scrolls
 e - 2 scrolls of teleportation {unknown}
 f - 2 scrolls of remove curse {unknown}
 v - a scroll of enchant weapon {unknown}
 x - a scroll of random uselessness {unknown}
Potions
 m - a potion of heal wounds {unknown}
 p - a potion of magic {unknown}
 u - a potion of haste {unknown}
 w - a potion of curing {unknown}
Books
 b - a book of Necromancy

   Spells                             Type                      Level
   a - Pain                           Necromancy                   1
   b - Animate Skeleton               Necromancy                   1
   c - Vampiric Draining              Necromancy                   3
   d - Regeneration                   Charms/Necromancy            3
   e - Animate Dead                   Necromancy                   4
   f - Control Undead                 Necromancy                   4
Comestibles
 c - 2 bread rations
 d - a meat ration
 n - a chunk of flesh
 z - 2 fruits


   Skills:
 + Level 2.5 Dodging
 + Level 2.7 Stealth
 + Level 3.5 Spellcasting
 + Level 5.5 Necromancy


You had 6 spell levels left.
You knew the following spells:

 Your Spells              Type           Power        Failure   Level  Hunger
a - Pain                  Necr           ####         1%          1    None
b - Animate Skeleton      Necr           N/A          1%          1    None


Dungeon Overview and Level Annotations

Branches:
Dungeon (4/15)
 Temple: D:4-7

Altars:


Message History

Aiming: Pain
Press: ? - help, Shift-Dir - straight line, f/p - scorpion
Aim: a scorpion (lightly wounded, chance to defeat MR: 84%)
The scorpion writhes in agony!
Casting: Pain
Confirm with . or Enter, or press ? or * to list all spells.
Aiming: Pain
Press: ? - help, Shift-Dir - straight line, f/p - scorpion
Aim: a scorpion (severely wounded, chance to defeat MR: 84%)
The scorpion writhes in agony!
The scorpion stings you.
You are lethally poisoned!
The scorpion poisons you!
Casting: Pain
Confirm with . or Enter, or press ? or * to list all spells.
Aiming: Pain
Press: ? - help, Shift-Dir - straight line, f/p - scorpion
Aim: a scorpion (severely wounded, chance to defeat MR: 84%)
The scorpion writhes in agony!
You feel sick. The scorpion stings you!
Ouch! That really hurt!
You die...

#.!. #..#
#..# #..#
#..#
###..###
#......#
#@.# #s.#
#....
#......
#.......#
#.......#
#........
####.##..


You could see a scorpion.

Vanquished Creatures
  A dart slug (D:1)
  4 giant cockroaches
  3 goblins (D:1)
  A hobgoblin (D:1)
  4 jackals (D:1)
  A ball python (D:2)
  4 bats (D:1)
  A kobold (D:1)
  3 rats
22 creatures vanquished.

Notes
Turn   | Place    | Note
-------+----------+-------------------------------------------
     0 | D:1      | Orenix the Deep Elf Necromancer began the quest for the Orb.
     0 | D:1      | Reached XP level 1. HP: 10/10 MP: 6/6
    18 | D:1      | Learned a level 1 spell: Animate Skeleton
    39 | D:1      | Reached skill level 5 in Necromancy
   453 | D:1      | Reached XP level 2. HP: 11/15 MP: 4/8
  2087 | D:4      | Noticed a scorpion
  2091 | D:4      | Slain by a scorpion

Skill      XL: |  1 |
---------------+----+-----
Necromancy     | 5 |  5.5
Dodging        | |  2.5
Stealth        | |  2.7
Spellcasting   | |  3.5

Action                   || total
-------------------------++-------
Melee: Dagger            ||     1
 Cast: Pain              ||    35
       Animate Skeleton  ||     3
  Eat: Chunk             ||     3
Dodge: Dodged            ||     8
